 Dungeon Crawl Stone Soup version 0.22.0-49-gab54619 (webtiles) character file.

65 ssg the Insei (level 4, -5/29 HPs)
             Began as an Octopode Transmuter on Sept 4, 2018.
             Slain by Robin
             ... wielding a +10 club
              (15 damage)
             ... on level 2 of the Dungeon.
             The game lasted 00:01:37 (1133 turns).

ssg the Insei (Octopode Transmuter)                 Turns: 1133, Time: 00:01:38

Health: -5/29      AC:  1    Str: 10    XL:     4   Next: 13%
Magic:  5/7        EV: 13    Int: 15    God:
Gold:   108        SH:  0    Dex: 12    Spells: 6/7 levels left

rFire    . . .     SeeInvis .     - Unarmed
rCold    . . .     Gourm    .   (no shield)
rNeg     . . .     Faith    .   (helmet restricted)
rPois    .         Spirit   .   (no amulet)
rElec    .         Reflect  .   (no ring)
rCorr    .         Harm     .   (no ring)
MR       .....                  (no ring)
Stlth    ++........             (no ring)
HPRegen  0.09/turn              (no ring)
MPRegen  0.10/turn              (no ring)
                                (no ring)
                                (no ring)

@: appendage
A: almost no armour, stealthy swim, amphibious, 8 rings, constrict 8, tentacle
spike 3, camouflage 1, gelatinous body 1
a: End Transformation


You were on level 2 of the Dungeon.
You were hungry.
One of your tentacles had a temporary spike.
You visited 1 branch of the dungeon, and saw 2 of its levels.

You collected 108 gold pieces.

Inventory:

Missiles
 a - 12 arrows
Jewellery
 e - a -2 ring of dexterity
Scrolls
 f - 3 scrolls of identify
 g - a scroll of remove curse
 h - a scroll of fog {unknown}
Potions
 b - a potion of cancellation
 d - a potion of resistance
 i - a potion of invisibility
Comestibles
 c - a ration


   Skills:
 + Level 1.8 Fighting
 - Level 2.0 Dodging
 * Level 3.8 Unarmed Combat
 - Level 2.0 Spellcasting
 * Level 3.1 Transmutations


You had 6 spell levels left.
You knew the following spells:

 Your Spells              Type           Power        Failure   Level  Hunger
a - Beastly Appendage     Tmut           ##....       6%          1    #......

Your spell library contained the following spells:

 Spells                   Type           Power        Failure   Level  Hunger
 Sticks to Snakes         Tmut           ##......     10%         2    ###....
 Spider Form              Tmut/Pois      #.........   34%         3    ###....
 Ice Form                 Ice/Tmut       #.......     75%         4    #####..
 Blade Hands              Tmut           ##........   86%         5    ######.


Dungeon Overview and Level Annotations

Branches:
Dungeon (2/15)

Altars:

Annotations:
D:2 Robin


Innate Abilities, Weirdness & Mutations

You cannot wear most types of armour.
You are very stealthy in the water. (Stealth+)
You are amphibious.
You can wear up to eight rings at the same time.
You can use your tentacles to constrict eight enemies at once.
Your skin changes colour to match your surroundings (Stealth+).
Your rubbery body absorbs attacks. (AC +1, EV +1)
One of your tentacles bears a large vicious spike.


Message History

You tentacle-slap the goblin but do no damage.
Your grab misses the goblin. Your squeeze misses the goblin.
The goblin is moderately wounded.
The goblin closely misses you.
You closely miss the goblin. You grab the goblin.
The goblin is moderately wounded.
You constrict the goblin. The goblin hits you with a club.
You barely miss the goblin. You squeeze the goblin.
You kill the goblin!
You bludgeon the goblin!
You kill the goblin!
The goblin no longer looks unusually strong.
Robin roars a battlecry!
The goblin goes into a battle-frenzy!
Things that are here:
a dagger; a club You tentacle-slap Robin but do no damage.
You grab Robin. You constrict Robin. Robin hits you with an enchanted club!
Ouch! That really hurt!
You die...

.##..$. .....$ #g..... ... g.....
... ##### ...###.g#.#....
....#### ....gg)(#.#....
###....## . #######.#......
........#....#####(........#.#
##.#.#..#.#..##)@gg........#.####
.....#..#.#..##.##g........#.....
##.#.####.#..##.##(........#.....
...#..........#.##(..............
##.#............##............)##
###............##$..............
#.............####.....##..###
#.............# #.....#...#
####.#..#.####...# #........##


You could see Robin and 2 goblins.

Vanquished Creatures
  Jessica (D:2)
  2 dart slugs (D:1)
  A ball python (D:1)
  4 bats
  3 hobgoblins
  4 jackals (D:1)
  2 kobolds (D:1)
  4 frilled lizards
  9 goblins
  2 rats (D:1)
32 creatures vanquished.

Notes
Turn   | Place    | Note
-------+----------+-------------------------------------------
     0 | D:1      | ssg the Octopode Transmuter began the quest for the Orb.
     0 | D:1      | Reached XP level 1. HP: 13/13 MP: 3/3
   194 | D:1      | Reached XP level 2. HP: 14/18 MP: 5/5
   318 | D:1      | You fall through a shaft!
   330 | D:2      | Noticed Jessica
   342 | D:2      | Killed Jessica
   342 | D:2      | Reached XP level 3. HP: 21/23 MP: 4/6
  1102 | D:2      | Noticed Robin
  1118 | D:2      | Reached XP level 4. HP: 16/29 MP: 5/7
  1133 | D:2      | Slain by Robin

Skill      XL: |  1  2  3 |
---------------+----------+-----
Transmutations | 3 |  3.1
Fighting       | |  1.8
Dodging        | |  2.0
Unarmed Combat | |  3.8
Spellcasting   | |  2.0

Action                   |  1- 3 |  4- 6 || total
-------------------------+-------+-------++-------
Melee: Unarmed           |    56 |    13 ||    69
       Constrict         |    15 |     2 ||    17
       Kick              |     3 |     2 ||     5
       Tentacles         |     3 |     3 ||     6
 Cast: Beastly Appendage |     2 |     1 ||     3
  Use: Scroll            |     5 |       ||     5
 Stab: Sleeping          |     4 |       ||     4
Armor: Skin              |     1 |     3 ||     4
Dodge: Dodged            |    45 |    11 ||    56
